 Dungeon Crawl Stone Soup version 0.17.1-2-g5865329 (webtiles) character file.

53 xeno23 the Charmwright (level 3, -1/25 HPs)
             Began as a High Elf Skald on Jan 31, 2016.
             Slain by a gnoll
             ... wielding a +0 halberd
              (6 damage)
             ... on level 2 of the Dungeon.
             The game lasted 00:05:11 (1711 turns).

xeno23 the Charmwright (High Elf Skald)             Turns: 1711, Time: 00:05:12

Health: -1/25      AC:  4    Str: 12    XL:     3   Next: 64%
Magic:  8/8        EV:  6    Int: 16    God:
Gold:   34         SH:  0    Dex: 14    Spells: 3 memorised, 1 level left

rFire  . . .     SeeInvis .     a - +0 falchion
rCold  . . .     Clarity  .     b - +0 leather armour
rNeg   . . .     SustAt   .     (no shield)
rPois  .         Gourm    +     g - +1 hat
rElec  .         Spirit   .     (no cloak)
rCorr  .         Warding  .     (no gloves)
rMut   .         Stasis   .     (no boots)
MR     .....                    q - amulet of the gourmand
Stlth  +.........               (no ring)
                                (no ring)

@: held, not resistant to hostile enchantments, very unstealthy
A: no striking features
a: no special abilities


You were on level 2 of the Dungeon.
You were hungry.

You visited 1 branch of the dungeon, and saw 2 of its levels.

You collected 34 gold pieces.

Inventory:

Hand Weapons
 a - a +0 falchion (weapon)
 m - a +0 spear
 v - a +1 short sword of venom
Armour
 b - a +0 leather armour (worn)
 g - a +1 hat (worn)
Jewellery
 j - an uncursed ring of ice
 q - an amulet of the gourmand (around neck)
Scrolls
 h - 2 scrolls of noise {unknown}
 k - 3 scrolls of remove curse {unknown}
 o - a scroll of fear {unknown}
 p - a scroll of teleportation {unknown}
 r - 5 scrolls of identify {unknown}
 u - a scroll of recharging {unknown}
Potions
 e - a potion of cure mutation {unknown}
 f - 2 potions of curing {unknown}
 i - 2 potions of brilliance {unknown}
 n - a potion of magic {unknown}
 s - 2 potions of agility {unknown}
 t - a potion of flight {unknown}
Books
 c - a book of Battle

   Spells                             Type                      Level
   a - Infusion                       Charms                       1
   b - Shroud of Golubria             Charms/Translocation         2
   c - Song of Slaying                Charms                       2
   d - Spectral Weapon                Hexes/Charms                 3
   e - Regeneration                   Charms/Necromancy            3
Comestibles
 d - 2 bread rations
 l - a meat ration


   Skills:
 * Level 2.5 Fighting
 * Level 2.8 Long Blades
 + Level 1.6 Armour
 + Level 1.5 Dodging
 + Level 2.8 Spellcasting
 + Level 4.1 Charms


You had one spell level left.
You knew the following spells:

 Your Spells              Type           Power        Failure   Level  Hunger
a - Infusion              Chrm           ###...       6%          1    #......
d - Shroud of Golubria    Chrm/Tloc      #.........   17%         2    ##.....
e - Regeneration          Chrm/Necr      #.........   34%         3    ###....


Dungeon Overview and Level Annotations

Branches:
Dungeon (2/15)

Altars:
Fedhas

Annotations:
D:2 exclusion: oklob plant


Message History

You slice into the net.
You try to slip out of the net.
The gnoll hits you from afar with a halberd!
You take 10 damage.
You struggle against the net.
A gnoll comes into view. It is wielding a spear of venom.
You slice the net and break free!
The gnoll hits you from afar with a halberd!
* * * LOW HITPOINT WARNING * * *
A gnoll comes into view. It is wielding a whip.
You take 8 damage.
The gnoll shouts!
The gnoll throws a throwing net.
The throwing net hits you.
You become entangled in the net!
Things that are here:
a throwing net; a kobold skeleton You try to slip out of the net.
You struggle against the net.
The gnoll closely misses you.
The gnoll hits you from afar with a halberd.
You die...

#.##.....##...##.# #.#
#.##.######...##.####.## #.##[#
#...##.......#####. ##.##.#
#......####........ ##...#.#
#.g###.......######
#.###..#######.# #.......# #.#
#.........g###.#####.##
#.###.#######...g.........#####
#.....# ##@#####.##...#...#
#.###.# ###.# #....#...#.. #.#
#.# #...# #.##...#...# #.# #.#
#.### #.###.###.## #.# #.# #.#
#.# #.# #.## #.# #.######.# #.#
#.# #.## ###.###........# ###.#
#.# #.## .†.......####.># #...#
#.# #.# ###†####.# #..# ##.#.#
#.# #.#


You could see 3 gnolls.

Vanquished Creatures
  2 oozes (D:1)
  3 giant geckos
  7 bats
  A giant cockroach (D:2)
  6 hobgoblins
  3 jackals (D:1)
  4 kobolds
  2 quokkas (D:2)
  A ball python (D:1)
  4 goblins (D:1)
  7 rats
40 creatures vanquished.

Notes
Turn   | Place    | Note
--------------------------------------------------------------
     0 | D:1      | xeno23 the High Elf Skald began the quest for the Orb.
     0 | D:1      | Reached XP level 1. HP: 14/14 MP: 4/4
    49 | D:1      | Reached skill level 1 in Armour
    96 | D:1      | Reached XP level 2. HP: 12/19 MP: 0/6
   348 | D:1      | Learned a level 2 spell: Shroud of Golubria
   512 | D:1      | Reached skill level 4 in Charms
   622 | D:1      | Reached XP level 3. HP: 24/24 MP: 8/8
   912 | D:1      | Learned a level 3 spell: Regeneration
  1037 | D:2      | Found a faded altar to an unknown god.
  1244 | D:2      | Found a blossoming altar of Fedhas.
  1271 | D:2      | Noticed an oklob plant
  1711 | D:2      | Slain by a gnoll

Action                   || total
-------------------------++-------
Melee: Falchion          ||   137
 Cast: Infusion          ||    10
       Regeneration      ||     1
 Stab: Sleeping          ||     3
  Eat: Chunk             ||     3
